 Dungeon Crawl Stone Soup version 0.21.1-1-g345015f (webtiles) character file.

14044 microfolk the Transmogrifier (level 11, -10/121 HPs)
             Began as a Green Draconian Transmuter on May 13, 2018.
             Was an Elder of Nemelex Xobeh.
             Mangled by a five-headed hydra (11 damage)
             ... on level 1 of the Lair of Beasts.
             The game lasted 00:47:54 (18416 turns).

microfolk the Transmogrifier (DrTm)                Turns: 18416, Time: 00:47:55

Health: -10/121    AC: 10    Str: 12    XL:     11   Next: 83%
Magic:  14/18      EV: 10    Int: 22    God:    Nemelex Xobeh [****..]
Gold:   761        SH:  0    Dex: 13    Spells: 3/20 levels left

rFire    x . .     SeeInvis +     - Unarmed
rCold    + + +     Gourm    .   (shield currently unavailable)
rNeg     . . .     Faith    .   (armour unavailable)
rPois    +         Spirit   .   (helmet currently unavailable)
rElec    .         Reflect  .   (cloak currently unavailable)
rCorr    .         Harm     .   (gloves currently unavailable)
MR       .....                  (boots currently unavailable)
Stlth    +.........             (no amulet)
HPRegen  0.30/turn              V - ring of see invisible
MPRegen  0.16/turn              P - ring of Fecuzot {*Contam rPois AC+3 Int+6}

@: confusing touch, ice-form
A: large, (breathe noxious fumes), unfitting armour, AC +7
a: End Transformation, Triple Draw, Deal Four, Renounce Religion


You were on level 1 of the Lair of Beasts.
You worshipped Nemelex Xobeh.
Nemelex Xobeh was greatly pleased with you.
You were very hungry.
You were a creature of crystalline ice.
You visited 2 branches of the dungeon, and saw 12 of its levels.
You also visited: Sewer.

You collected 761 gold pieces.

Inventory:

Hand Weapons
 c - a +0 hunting sling
Missiles
 i - 437 stones (quivered)
 t - 150 sling bullets
 W - 235 arrows
Armour
 q - a +2 pair of gloves (melded)
 s - a +0 cloak (melded)
 J - a +0 pair of boots (melded)
 L - a +0 hat (melded)
Magical Staves
 a - an uncursed staff of energy
Jewellery
 e - an uncursed ring of wizardry
 w - an uncursed ring of protection from cold
 P - the ring of Fecuzot (right front paw) {*Contam rPois AC+3 Int+6}
   (You found it on level 10 of the Dungeon)

   [ring of protection]

   It affects your AC (+3).
   It affects your intelligence (+6).
   It protects you from poison.
   It causes magical contamination when unequipped.
 Q - an uncursed ring of flight
 V - a ring of see invisible (left front paw)
Wands
 y - a wand of disintegration (15)
 D - a wand of enslavement (14)
 G - a wand of digging (26)
 H - a wand of iceblast (6)
Scrolls
 f - 3 scrolls of fear {unknown}
 h - 3 scrolls of fog {unknown}
 l - 2 scrolls of enchant weapon {unknown}
 m - 2 scrolls of teleportation
 n - 2 scrolls of amnesia
 o - a scroll of brand weapon {unknown}
 p - 2 scrolls of immolation {unknown}
 r - 8 scrolls of remove curse
 u - 2 scrolls of noise {unknown}
 x - a scroll of magic mapping {unknown}
 z - 2 scrolls of blinking
 F - a scroll of random uselessness {unknown}
 R - a scroll of torment {unknown}
 S - 3 scrolls of identify
Potions
 d - 4 potions of flight
 j - 6 potions of lignification
 k - 5 potions of heal wounds
 v - a potion of cancellation
 B - 2 potions of agility
 C - a potion of invisibility
 E - 7 potions of curing
 M - a potion of magic
 Y - a potion of ambrosia {unknown}
Books
 g - a book of Changes

   Spells                             Type                      Level
   a - Beastly Appendage              Transmutation                1
   b - Sticks to Snakes               Transmutation                2
   c - Spider Form                    Transmutation/Poison         3
   d - Ice Form                       Ice/Transmutation            4
   e - Blade Hands                    Transmutation                5
 T - a book of Party Tricks

   Spells                             Type                      Level
   a - Summon Butterflies             Summoning                    1
   b - Apportation                    Translocation                1
   c - Lesser Beckoning               Translocation                3
   d - Tukima's Dance                 Hexes                        3
   e - Alistair's Intoxication        Transmutation/Poison         5
   f - Invisibility                   Hexes                        6
Miscellaneous
 A - a plain deck of escape
 I - a legendary deck of escape
 K - a plain deck of summoning
 N - a plain deck of destruction
 O - a legendary deck of destruction {drawn: 2}
 U - a plain deck of escape
Comestibles
 b - 24 rations


   Skills:
 + Level 10.5 Fighting
 - Level 1.7 Dodging
 + Level 10.1 Unarmed Combat
 - Level 5.0 Spellcasting
 + Level 10.7 Transmutations
 - Level 8.0 Invocations


You had 3 spell levels left.
You knew the following spells:

 Your Spells              Type           Power        Failure   Level  Hunger
a - Blade Hands           Tmut           ######....   3%          5    #####..
b - Sticks to Snakes      Tmut           ######..     1%          2    None
c - Spider Form           Tmut/Pois      ####......   3%          3    ##.....
d - Ice Form              Ice/Tmut       ####....     11%         4    ####...
e - Confusing Touch       Hex            #.....       10%         1    None
f - Apportation           Tloc           #.....       10%         1    None
g - Summon Butterflies    Summ           #.......     10%         1    None


Dungeon Overview and Level Annotations

Branches:
Dungeon (11/15)            Temple (0/1) D:7            Lair (1/6) D:9
    Orc (0/2) D:10

Altars:
Ashenzari
Cheibriados
Dithmenos
Fedhas
Gozag
Makhleb
Nemelex Xobeh
Qazlal
Ru
Sif Muna
Uskayaw
Wu Jian
The Shining One

Shops:
D:8 (   D:10 }   D:11 }%

Portals:
Trove: D:10 (give +3 storm dragon scales)

Annotations:
D:1 exclusion: downstairs
D:3 exclusion: door
D:6 exclusion: downstairs, asishallab's ghost, novice TrMo
D:8 Gastronok
D:9 exclusion: downstairs


Innate Abilities, Weirdness & Mutations

((You can breathe blasts of noxious fumes.))
((Your lurid green scales are hard. (AC +7)))
You cannot fit into any form of body armour.
((Your system is resistant to poisons. (rPois)))
((You are cold-blooded and may be slowed by cold attacks.))


Message History

The five-headed hydra barely misses you. x2
The five-headed hydra bites you.
* * * LOW HITPOINT WARNING * * *
The five-headed hydra bites you.
* * * LOW HITPOINT WARNING * * *
The five-headed hydra bites you!
* * * LOW HITPOINT WARNING * * *
You hit the five-headed hydra but do no damage.
The five-headed hydra bites you.
* * * LOW HITPOINT WARNING * * *
The five-headed hydra barely misses you. x3
The five-headed hydra misses you.
You hit the five-headed hydra but do no damage.
The five-headed hydra bites you.
* * * LOW HITPOINT WARNING * * *
The five-headed hydra bites you!
* * * LOW HITPOINT WARNING * * *
The five-headed hydra bites you!
You die...
Your body glows slightly and disappears.

...##........#
##########..## # ##.#
#..# .## ## ####..###
####..# .# #.......#
....... ### ##....<.#
....... .P#
#......#######....... .##
###........YD.P#D......
.#
###.#......####..#.......
.###.#.........#
#P.........
.......#......##
##.?.......
.#######......#
###....... ..# #......#
....... .## ##..#.##
....... .# ###### ###.#.#
## ## #


You could see a five-headed hydra.

Vanquished Creatures
  An unseen horror (D:10)
  A cyclops (D:8)
  3 spiny frogs (Lair:1)
  2 komodo dragons
  A hippogriff (D:7)
  Grum (D:8)
  23 yaks
  An acid dragon (D:11)
  4 water moccasins
  A porcupine (Lair:1)
  2 black bears
  4 ice beasts
  5 orc warriors
  A sky beast (D:9)
  5 ogres
  4 wolves (D:8)
  3 crocodiles (Lair:1)
  6 centaurs
  2 big kobolds
  12 bullfrogs
  A scorpion (D:7)
  10 killer bees
  15 wights
  4 electric eels (D:7)
  5 howler monkeys
  7 crimson imps
  4 orc priests
  A hound (D:7)
  7 jellies
  15 orc wizards
  3 bullfrog skeletons
  2 iguanas
  10 worker ants
  4 hound skeletons
  A mummy (D:8)
  3 worker ant zombies
  7 gnolls
  A river rat (Lair:1)
  15 adders
  6 shadow imps
  12 oozes
  2 adder skeletons
  3 worms
  2 dart slugs
  21 leopard geckos
  50 orcs
  16 ball pythons
  5 bats
  10 giant cockroaches
  7 goblins
  3 hobgoblins
  11 jackals
  4 quokkas
  A ball python zombie (D:5)
  8 frilled lizards
  22 kobolds
  A leopard gecko skeleton (D:7)
  2 quokka skeletons
  A quokka zombie (D:5)
  6 rats
  2 plants
392 creatures vanquished.

Vanquished Creatures (collateral kills)
  A two-headed ogre (D:10)
  A hungry ghost (D:7)
  A centaur (D:10)
  An ogre (D:4)
  A scorpion (D:3)
  A water moccasin skeleton (D:4)
  A killer bee (D:7)
  A hound (D:7)
  An adder (D:2)
  An ooze (Sewer)
  2 worms (D:5)
12 creatures vanquished.

Vanquished Creatures (others)
  An electric eel (D:7)
1 creature vanquished.

Grand Total: 405 creatures vanquished

Notes
Turn   | Place    | Note
-------+----------+-------------------------------------------
     0 | D:1      | microfolk the Draconian Transmuter began the quest for the Orb.
     0 | D:1      | Reached XP level 1. HP: 16/16 MP: 3/3
   270 | D:1      | Reached XP level 2. HP: 23/23 MP: 3/5
   274 | D:1      | Learned a level 2 spell: Sticks to Snakes
   983 | D:2      | Reached XP level 3. HP: 23/29 MP: 4/6
   988 | D:2      | Learned a level 3 spell: Spider Form
  1699 | D:2      | Found an ornate altar of the Wu Jian Council.
  1747 | D:2      | Reached XP level 4. HP: 33/36 MP: 5/7
  3007 | D:3      | Reached XP level 5. HP: 34/42 MP: 5/8
  3105 | D:3      | Found a hide-covered altar of Uskayaw.
  3661 | D:3      | Found a deep blue altar of Sif Muna.
  3765 | D:3      | Found a sparkling altar of Nemelex Xobeh.
  3796 | D:3      | Became a worshipper of Nemelex Xobeh the Trickster
  3804 | D:3      | Received a gift from Nemelex Xobeh
  4478 | D:4      | Found a blossoming altar of Fedhas.
  4577 | D:4      | Reached XP level 6. HP: 5/51 MP: 6/9
  4899 | D:4      | Found a shattered altar of Ashenzari.
  5035 | D:4      | Reached skill level 1 in Invocations
  5248 | D:4      | Found a deep blue altar of Sif Muna.
  5274 | D:4      | Reached skill level 5 in Transmutations
  5332 | D:4      | Found a sacrificial altar of Ru.
  5390 | D:5      | Entered Level 5 of the Dungeon
  5642 | D:5      | Your scales start taking on a lurid green colour.
  5642 | D:5      | Reached XP level 7. HP: 49/58 MP: 1/10
  5642 | D:5      | Gained mutation: Your system is resistant to poisons. (rPois) [Green Draconian growth]
  5658 | D:5      | Reached * piety under Nemelex Xobeh
  5683 | D:5      | Found a glowing drain.
  5710 | Sewer    | Entered a sewer
  6237 | Sewer    | Reached skill level 5 in Unarmed Combat
  6388 | D:5      | Learned a level 4 spell: Ice Form
  6496 | D:5      | Received a gift from Nemelex Xobeh
  7273 | D:6      | Found a stormy altar of Qazlal.
  7296 | D:6      | Reached ** piety under Nemelex Xobeh
  7434 | D:6      | Reached XP level 8. HP: 59/67 MP: 7/11
  7787 | D:6      | Reached skill level 5 in Fighting
  7802 | D:6      | Noticed asishallab's ghost (novice TrMo)
  8161 | D:6      | Found a burning altar of Makhleb.
  8310 | D:7      | Found a staircase to the Ecumenical Temple.
  8500 | D:7      | Received a gift from Nemelex Xobeh
  8524 | D:7      | Noticed a hippogriff
  8539 | D:7      | Reached skill level 5 in Invocations
  8838 | D:7      | Reached XP level 9. HP: 38/75 MP: 10/12
 11149 | D:7      | Learned a level 1 spell: Confusing Touch
 11348 | D:8      | Noticed a cyclops
 11723 | D:8      | Received a gift from Nemelex Xobeh
 11747 | D:8      | Reached *** piety under Nemelex Xobeh
 11920 | D:8      | Found a snail-covered altar of Cheibriados.
 11958 | D:8      | Found an opulent altar of Gozag.
 12040 | D:8      | Noticed Gastronok
 12093 | D:8      | Found Axank's Weapon Boutique.
 12173 | D:8      | Noticed Grum
 12188 | D:8      | Reached XP level 10. HP: 74/88 MP: 11/15
 12398 | D:8      | Found a glowing golden altar of the Shining One.
 12399 | D:8      | Found a shadowy altar of Dithmenos.
 12502 | D:8      | Killed Grum
 12569 | D:8      | Killed a cyclops
 14083 | D:9      | Found a staircase to the Lair.
 14189 | D:9      | Received a gift from Nemelex Xobeh
 14442 | D:10     | Entered Level 10 of the Dungeon
 14447 | D:10     | Got a twitching golden ring
 14453 | D:10     | Identified the ring of Fecuzot {*Contam rPois AC+3 Int+6} (You found it on level 10 of the Dungeon)
 14700 | D:10     | Received a gift from Nemelex Xobeh
 14811 | D:10     | Noticed a two-headed ogre
 14970 | D:10     | Found a staircase to the Orcish Mines.
 15006 | D:10     | Reached **** piety under Nemelex Xobeh
 15369 | Lair:1   | Entered Level 1 of the Lair of Beasts
 15460 | Lair:1   | Noticed a spiny frog
 15470 | Lair:1   | Killed a spiny frog
 15514 | Lair:1   | Learned a level 5 spell: Blade Hands
 15605 | Lair:1   | Received a gift from Nemelex Xobeh
 15717 | Lair:1   | Reached XP level 11. HP: 91/97 MP: 13/17
 16017 | Lair:1   | Noticed a five-headed hydra
 16079 | D:10     | Killed a two-headed ogre
 16234 | D:10     | Found Oschuale's Gadget Boutique.
 16567 | D:10     | Reached skill level 5 in Spellcasting
 16661 | D:10     | Found a portal to a secret trove of treasure.
 16697 | D:10     | Noticed an unseen horror
 16705 | D:10     | Killed an unseen horror
 16705 | D:10     | Reached skill level 10 in Transmutations
 16780 | D:11     | Found Saggosm's Food Boutique.
 17007 | D:10     | Reached skill level 10 in Fighting
 17284 | D:11     | Found Sexzoa's Antique Armour Shoppe.
 17521 | D:10     | Learned a level 1 spell: Apportation
 17523 | D:10     | Learned a level 1 spell: Summon Butterflies
 17999 | D:11     | Reached skill level 10 in Unarmed Combat
 18109 | D:11     | Found Elydeh's Gadget Boutique.
 18416 | Lair:1   | HP: 1/121 [five-headed hydra (12)]
 18416 | Lair:1   | Mangled by a five-headed hydra

Skill      XL: |  1  2  3  4  5  6  7  8  9 10 11 |
---------------+----------------------------------+-----
Transmutations | 3 4 5 6 7 8 9 10 | 10.7
Fighting       | 2 3 4 6 7 9 10 | 10.5
Unarmed Combat | 4 5 6 7 8 10 | 10.1
Invocations    | 2 3 5 6 8 |  8.0
Spellcasting   | 3 5 |  5.0
Dodging        | |  1.7

Action                   |  1- 3 |  4- 6 |  7- 9 | 10-12 || total
-------------------------+-------+-------+-------+-------++-------
Melee: Unarmed           |   101 |   157 |   521 |   580 ||  1359
       Headbutt          |     7 |     6 |     3 |       ||    16
       Tailslap          |     9 |     4 |    15 |    65 ||    93
       Kick              |     4 |     8 |       |       ||    12
       Punch             |       |       |     3 |    27 ||    30
       Staff             |       |       |       |    11 ||    11
 Fire: Hunting sling     |     2 |    10 |    35 |    28 ||    75
Throw: Stone             |     2 |     1 |     3 |       ||     6
 Cast: Beastly Appendage |    23 |    12 |     4 |       ||    39
       Sticks to Snakes  |     4 |     3 |     7 |    11 ||    25
       Spider Form       |       |    18 |    53 |     2 ||    73
       Ice Form          |       |       |     7 |    12 ||    19
       Confusing Touch   |       |       |     2 |    23 ||    25
       Blade Hands       |       |       |       |    16 ||    16
 Abil: End Transformatio |       |       |     5 |     2 ||     7
       Breathe Noxious F |       |       |     1 |    15 ||    16
Evoke: Deck              |       |       |     8 |     3 ||    11
       Wand              |       |       |     4 |       ||     4
  Use: Scroll            |     4 |     3 |     6 |     2 ||    15
       Potion            |     2 |       |     1 |       ||     3
 Stab: Sleeping          |       |     6 |     1 |     1 ||     8
       Confused          |       |       |     1 |    22 ||    23
       Distracted        |       |       |       |     1 ||     1
  Eat: Chunk             |     3 |    10 |    27 |    28 ||    68
       Ration            |       |     2 |     1 |       ||     3
Armor: Skin              |    27 |    19 |    73 |   159 ||   278
Dodge: Dodged            |    49 |   103 |   440 |   258 ||   850
